 Dungeon Crawl Stone Soup version 0.21.0-3-g78d12a8 (console) character file.

2121 ahub the Cleaver (level 9, -1/79 HPs)
             Began as a Minotaur Fighter on Jan 11, 2018.
             Slain by a gnoll sergeant
             ... wielding a +1 antimagic trident
              (5 damage)
             ... on level 6 of the Dungeon.
             The game lasted 00:10:09 (4268 turns).

ahub the Cleaver (Minotaur Fighter)                 Turns: 4268, Time: 00:10:10

Health: -1/79      AC:  7    Str: 28    XL:     9   Next: 8%
Magic:  2/8        EV: 10    Int:  5    God:
Gold:   255        SH: 12    Dex:  9    Spells: 8/8 levels left

rFire    . . .     SeeInvis .   a - +0 war axe
rCold    + . .     Gourm    .   c - +1 shield
rNeg     + . .     Faith    .   b - +0 scale mail
rPois    .         Spirit   .   (helmet restricted)
rElec    .         Reflect  .   (no cloak)
rCorr    .         Harm     .   (no gloves)
MR       .....                  (no boots)
Stlth    ..........             (no amulet)
HPRegen  0.23/turn              u - ring of positive energy
MPRegen  0.11/turn              (no ring)

@: mighty
A: retaliatory headbutt, horns 2, cold resistance 1, weak 1
a: no special abilities


You were on level 6 of the Dungeon.
You were not hungry.

You visited 1 branch of the dungeon, and saw 6 of its levels.
You also visited: Ossuary.

You collected 255 gold pieces.

Inventory:

Hand Weapons
 a - a +0 war axe (weapon)
Armour
 b - a +0 scale mail (worn)
 c - a +1 shield (worn)
Jewellery
 u - a ring of positive energy (left hand)
Wands
 j - a wand of enslavement (13)
 q - a wand of digging (11)
Scrolls
 g - 4 scrolls of amnesia
 h - 7 scrolls of identify
 i - a scroll of random uselessness
 l - a scroll of fog
 o - 2 scrolls of magic mapping
 t - a scroll of enchant armour
 x - a scroll of immolation
Potions
 d - a potion of might
 e - a potion of haste
 k - 4 potions of flight
 m - a potion of invisibility {unknown}
 n - 2 potions of magic
 p - 2 potions of resistance
 s - a potion of cancellation
Comestibles
 f - 7 rations
 r - a chunk of flesh


   Skills:
 + Level 7.3 Fighting
 + Level 9.4 Axes
 + Level 6.6 Armour
 + Level 3.9 Dodging
 + Level 6.6 Shields


You had 8 spell levels left.
You didn't know any spells.

Dungeon Overview and Level Annotations

Branches:
Dungeon (6/15)             Temple (0/1) D:5

Altars:
Ashenzari
Ru
Yredelemnul
The Shining One


Innate Abilities, Weirdness & Mutations

You reflexively headbutt those who attack you in melee.
You have a pair of horns on your head.
Your flesh is cold resistant. (rC+)
You are weak. (Str -2)


Message History

The gnoll closely misses you.
Edmund hits you with a flail of protection.
* * * LOW HITPOINT WARNING * * *
You block the gnoll sergeant's attack.
You hit Edmund but do no damage. Your headbutt misses Edmund.
Edmund is lightly wounded.
You closely miss the gnoll sergeant. You barely miss the gnoll.
You block the gnoll's attack. You block Edmund's attack.
You block the gnoll sergeant's attack. The gnoll hits you with a spear.
* * * LOW HITPOINT WARNING * * *
You hit Edmund. You headbutt Edmund!
Edmund is severely wounded.
You slash the gnoll!
You kill the gnoll!
You hit the gnoll sergeant but do no damage.
Edmund hits you but does no damage. You block the gnoll sergeant's attack.
You slash Edmund!
You kill Edmund!
You hit the gnoll sergeant but do no damage.
The gnoll sergeant hits you with an antimagic trident.
You die...

#.........)# ..
#..........#...
#..........#..
##.........?. .#
#..........# ..#
#..........#...#
#..........#..##
#.......g)......
#......)@).#.##
##.......)#..%..
##......##.#### #
#..###.###.# ..#
...####..##.####...
..#................
..#................
..
..................
..
.................# .
#.
#.......)........# .
#.
##.......)........##
#


You could see a gnoll sergeant.

Vanquished Creatures
  The ghost of hilaritas the Carver, a novice TeFi of Okawaru (D:6)
  Eustachio (D:5)
  Edmund (D:6)
  A sky beast (D:6)
  An ogre (D:4)
  3 elf zombies (Ossuary)
  A water moccasin skeleton (D:4)
  A scorpion (D:6)
  3 centaur zombies
  A bullfrog zombie (D:6)
  A human zombie (Ossuary)
  4 hounds
  2 bullfrog skeletons (D:6)
  3 orc priests
  Ijyb (D:3)
  4 orc wizards
  2 worker ants (D:4)
  An iguana (D:5)
  2 big kobold zombies (Ossuary)
  3 hound zombies (Ossuary)
  3 mummies (Ossuary)
  5 gnolls (D:6)
  5 adders
  A shadow imp (D:6)
  5 adder zombies (Ossuary)
  An ooze (D:5)
  5 worms
  2 dart slugs
  A leopard gecko (D:1)
  8 orcs
  11 giant cockroaches
  20 goblins
  8 hobgoblins
  2 jackals (D:6)
  4 quokkas
  9 bats
  3 frilled lizards
  A gnoll zombie (Ossuary)
  3 goblin zombies (Ossuary)
  5 hobgoblin zombies (Ossuary)
  3 jackal zombies (Ossuary)
  7 kobolds
  2 orc zombies (Ossuary)
  5 quokka zombies (Ossuary)
  11 rats
  3 rat zombies (Ossuary)
  A spectral orc (D:5)
171 creatures vanquished.

Vanquished Creatures (collateral kills)
  A sky beast (D:6)
1 creature vanquished.

Grand Total: 172 creatures vanquished

Notes
Turn   | Place    | Note
-------+----------+-------------------------------------------
     0 | D:1      | ahub the Minotaur Fighter began the quest for the Orb.
     0 | D:1      | Reached XP level 1. HP: 19/19 MP: 0/0
   168 | D:1      | Reached XP level 2. HP: 23/27 MP: 1/1
   827 | D:2      | Reached XP level 3. HP: 28/33 MP: 2/2
   830 | D:2      | Reached skill level 3 in Axes
  1283 | D:2      | Reached XP level 4. HP: 40/40 MP: 3/3
  1361 | D:2      | Found a shattered altar of Ashenzari.
  1422 | D:2      | Found a glowing golden altar of the Shining One.
  1473 | D:3      | Noticed Ijyb
  1485 | D:3      | Killed Ijyb
  1486 | D:3      | Reached skill level 4 in Axes
  1710 | D:3      | Reached XP level 5. HP: 42/46 MP: 4/4
  2296 | D:4      | Noticed an ogre
  2302 | D:4      | Killed an ogre
  2302 | D:4      | Reached skill level 5 in Axes
  2302 | D:4      | Reached skill level 1 in Dodging
  2323 | D:4      | Reached skill level 5 in Armour
  2323 | D:4      | Reached XP level 6. HP: 53/53 MP: 5/5
  2431 | D:4      | Reached skill level 5 in Fighting
  2554 | D:4      | Reached XP level 7. HP: 42/62 MP: 6/6
  2567 | D:5      | Entered Level 5 of the Dungeon
  2567 | D:5      | Found a staircase to the Ecumenical Temple.
  2615 | D:5      | Reached skill level 5 in Shields
  2638 | D:5      | Noticed Eustachio
  2655 | D:5      | Killed Eustachio
  2831 | D:5      | Reached skill level 6 in Axes
  3028 | D:5      | Gained mutation: You are weak. (Str -2) [potion of mutation]
  3028 | D:5      | Gained mutation: Your flesh is cold resistant. (rC+) [potion of mutation]
  3053 | D:5      | Found a shattered altar of Ashenzari.
  3173 | D:5      | Found a sacrificial altar of Ru.
  3236 | D:5      | Found a basalt altar of Yredelemnul.
  3318 | D:6      | Found a sand-covered staircase.
  3334 | Ossuary  | Entered an ossuary
  3422 | Ossuary  | Reached XP level 8. HP: 71/71 MP: 7/7
  3446 | Ossuary  | Reached skill level 7 in Axes
  3685 | D:6      | Reached skill level 8 in Axes
  3767 | D:6      | Noticed hilaritas's ghost (novice TeFi)
  3863 | D:6      | HP: 3/71 [hilaritas's ghost (13)]
  3868 | D:6      | Killed hilaritas's ghost
  3868 | D:6      | Reached skill level 9 in Axes
  4248 | D:6      | Noticed Edmund
  4251 | D:6      | Reached XP level 9. HP: 72/79 MP: 6/8
  4266 | D:6      | HP: 3/79 [gnoll/spear (5)]
  4268 | D:6      | Killed Edmund
  4268 | D:6      | Slain by a gnoll sergeant

Skill      XL: |  1  2  3  4  5  6  7  8 |
---------------+-------------------------+-----
Armour         | 4 5 6 |  6.6
Shields        | 4 5 6 |  6.6
Fighting       | 4 5 6 7 |  7.3
Axes           | 3 4 5 6 9 |  9.4
Dodging        | 1 2 3 |  3.9

Action                   |  1- 3 |  4- 6 |  7- 9 || total
-------------------------+-------+-------+-------++-------
Melee: War axe           |   114 |   136 |   248 ||   498
       Headbutt          |    14 |    22 |    54 ||    90
  Use: Scroll            |     3 |    10 |     6 ||    19
       Potion            |       |       |     6 ||     6
  Eat: Chunk             |     1 |     5 |     2 ||     8
       Ration            |       |       |     1 ||     1
Armor: Scale mail        |    44 |    46 |   108 ||   198
       Skin              |       |       |     2 ||     2
Dodge: Dodged            |    26 |    43 |   106 ||   175
Block: Shield            |    55 |    74 |   148 ||   277
